[Event "Team 45 45 League T42"]
[Site "Internet Chess Club"]
[Date "2009.08.20"]
[Round "4"]
[White "GabGag"]
[Black "Ickabod"]
[Result "1-0"]
[WhiteElo "1979"]
[BlackElo "1834"]
[Opening "Pirc: Austrian attack"]
[ECO "B09"]
[Time "21:01:18"]
[TimeControl "2700+45"]

1. e4 d6 2. d4 Nf6 3. Nc3 g6 4. f4 e5 5. dxe5 dxe5 6. Qxd8+ Kxd8 7. fxe5 Ng4 8.
Bg5+ Be7 9. Bf4 Nc6 10. Nf3 h6 11. h3 g5 12. O-O-O+ Bd7 13. Bg3 Ne3 14. Re1 Nxf1
15. Rhxf1 Be6 16. Rd1+ Ke8 17. Nd5 Rc8 18. c3 Bc5 19. a4 Ne7 20. b4 Nxd5 21.
exd5 Be3+ 22. Kb2 Bf5 23. Nxg5 Bg6 24. Nf3 Be4 25. Rde1 Bxf3 26. Rxf3 Bg5 27.
Bf4 Rg8 28. g4 Rg6 29. c4 c6 30. Bxg5 hxg5 31. Rf5 cxd5 32. cxd5 Rc4 33. Kb3 Rd4
34. e6 fxe6 35. Rxe6+ Rxe6 36. dxe6 Rd3+ 37. Kc4 Rxh3 38. Rxg5 Rh7 39. Kd5 Ke7
40. Rg8 Kf6 41. g5+ Kf5 42. Kd6 {Black resigns} 1-0

[Event "Team 45 45 League T42"]
[Site "Internet Chess Club"]
[Date "2009.08.20"]
[Round "4"]
[White "j65536d"]
[Black "rubo"]
[Result "1-0"]
[WhiteElo "1815"]
[BlackElo "1683"]
[Opening "KGD: Falkbeer, Morphy gambit"]
[ECO "C32"]
[Time "23:00:21"]
[TimeControl "2700+45"]

1. e4 e5 2. f4 d5 3. exd5 e4 4. d3 Nf6 5. Nc3 Bb4 6. Bd2 e3 7. Bxe3 O-O 8. Bd2
Bxc3 9. Bxc3 Re8+ 10. Be2 Bg4 11. h3 Bxe2 12. Nxe2 Qe7 13. Bxf6 gxf6 14. Kf2
Qe3+ 15. Kf1 c6 16. dxc6 Nxc6 17. Nc3 Qxf4+ 18. Qf3 Qxf3+ 19. gxf3 Re3 20. Kf2
Rae8 21. Rhe1 Rxe1 22. Rxe1 Rxe1 23. Kxe1 Nd4 24. Kd2 Nxf3+ 25. Ke3 Ne1 26. Kd2
Nf3+ 27. Kd1 Kg7 28. Ne4 Ng5 29. Nf2 f5 30. d4 Kf6 31. Ke2 Ke6 32. c4 b6 33. Ke3
h6 34. h4 Nh7 35. Nd3 Nf8 36. b4 Ng6 37. h5 Ne7 38. d5+ Kd6 39. Kd4 f6 40. c5+
bxc5+ 41. bxc5+ Kd7 42. Nf4 Nc8 43. Ne2 a6 44. a4 Ne7 45. Kc4 Kc8 46. Nd4 f4 47.
d6 Ng8 48. Kd5 f5 49. Ke5 f3 50. Nxf3 f4 51. Nd4 Kd7 52. c6+ Kc8 53. d7+ {Black
resigns} 1-0

[Event "Team 45 45 League T42"]
[Site "Internet Chess Club"]
[Date "2009.08.22"]
[Round "4"]
[White "PJ"]
[Black "Kurukshetra"]
[Result "1-0"]
[WhiteElo "1827"]
[BlackElo "1704"]
[Opening "Sicilian: closed"]
[ECO "B24"]
[Time "11:03:45"]
[TimeControl "2700+45"]

1. e4 c5 2. Nc3 Nc6 3. g3 Nf6 4. Bg2 g6 5. d3 Bg7 6. Be3 d6 7. h3 Qb6 8. Rb1 e6
9. Qd2 h6 10. Nge2 Bd7 11. a3 a6 12. b4 Nd4 13. bxc5 Qxc5 14. Bxd4 Nxe4 {Black
resigns} 1-0

[Event "Team 45 45 League T42"]
[Site "Internet Chess Club"]
[Date "2009.08.23"]
[Round "4"]
[White "clarinetref"]
[Black "nas3"]
[Result "1-0"]
[WhiteElo "1716"]
[BlackElo "1739"]
[Opening "Réti opening"]
[ECO "A05"]
[Time "22:12:17"]
[TimeControl "2700+45"]

1. Nf3 Nf6 2. g3 d5 3. d3 Nc6 4. Nbd2 e5 5. e4 h6 6. Bg2 Be6 7. exd5 Nxd5 8. Nc4
f6 9. Nh4 g5 10. Ng6 Rg8 11. Nxf8 Rxf8 12. h4 Qd7 13. Qh5+ Bf7 14. Qxh6 O-O-O
15. hxg5 Rh8 16. Qxh8 Rxh8 17. Rxh8+ Nd8 18. gxf6 c6 19. Nxe5 Qe6 20. Bh3 {Black
resigns} 1-0

[Event "Team 45 45 League T42"]
[Site "Internet Chess Club"]
[Date "2009.08.23"]
[Round "4"]
[White "CHESSISTA1"]
[Black "fileman"]
[Result "1-0"]
[WhiteElo "1800"]
[BlackElo "1855"]
[Opening "KP: Nimzovich defense"]
[ECO "B00"]
[Time "14:11:08"]
[TimeControl "2700+45"]

1. e4 Nc6 2. Nf3 d6 3. d3 Bg4 4. h3 Bh5 5. Nbd2 Nf6 6. Be2 e5 7. O-O Be7 8. c3
O-O 9. Re1 h6 10. Nf1 d5 11. Qc2 Bg6 12. Ng3 d4 13. cxd4 exd4 14. Bd2 Nd7 15.
Rac1 f5 16. exf5 Bxf5 17. Nxf5 Rxf5 18. Qb3+ Kh8 19. Qxb7 Nde5 20. Nxe5 Nxe5 21.
Rxc7 Bf6 22. Rec1 Qf8 {Black resigns} 1-0

[Event "Team 45 45 League T42"]
[Site "Internet Chess Club"]
[Date "2009.08.23"]
[Round "4"]
[White "LoseOften"]
[Black "Kravier"]
[Result "0-1"]
[WhiteElo "1859"]
[BlackElo "1705"]
[Opening "Latvian: Fraser defense"]
[ECO "C40"]
[Time "08:02:33"]
[TimeControl "2700+45"]

1. e4 e5 2. Nf3 f5 3. Nxe5 Nc6 4. Qh5+ g6 5. Nxg6 Nf6 6. Qh3 hxg6 7. Qxh8 Qe7 8.
Qh4 Nd4 9. Na3 fxe4 10. Bc4 d5 11. Bb3 Nf3+ {White resigns} 0-1

[Event "Team 45 45 League T42"]
[Site "Internet Chess Club"]
[Date "2009.08.22"]
[Round "4"]
[White "cocou"]
[Black "shijith"]
[Result "0-1"]
[WhiteElo "1613"]
[BlackElo "1754"]
[Opening "King's Indian: Torre attack"]
[ECO "A48"]
[Time "11:08:36"]
[TimeControl "2700+45"]

1. d4 Nf6 2. Nf3 g6 3. Bg5 Bg7 4. e3 O-O 5. Be2 c5 6. c3 cxd4 7. cxd4 d6 8. O-O
Nbd7 9. Nc3 a6 10. Rc1 b5 11. a3 Bb7 12. Re1 e5 13. dxe5 dxe5 14. e4 Nc5 15.
Nxe5 Ne6 16. Qxd8 Raxd8 17. Be3 Nxe4 18. Nf3 Nxc3 19. bxc3 Rc8 20. Nd4 Rfe8 21.
Nxe6 Rxe6 22. Bg4 f5 23. Bd1 Rxc3 24. Rxc3 Bxc3 25. Bb3 Bxe1 26. Bxe6+ Kg7 27.
Bd4+ Kh6 28. Be3+ Kh5 29. Bb3 g5 30. Bf7+ Kh6 31. Bc5 Kg7 32. Bb3 Bc3 33. g3 Kf6
34. Kf1 Bf3 35. Bg8 h5 36. Bb6 g4 37. Bd8+ Ke5 38. Bf7 Kd6 39. Bxh5 Bb2 40. Bg6
Be4 41. Bg5 Bxa3 42. Bh6 b4 43. Bf8+ Kd5 44. Ke2 a5 45. Bf7+ Ke5 46. Bg7+ Kd6
47. Bf8+ Kc6 48. Be8+ Kd5 49. Bf7+ Ke5 50. Bg7+ Kd6 51. Bf8+ Kd7 52. Ke3 Bc1+
53. Ke2 Bg5 54. Bb3 Be7 55. Bh6 Bc5 56. Bf4 Bc6 57. Bc2 Ke6 58. Bb3+ Bd5 59. Ba4
b3 60. Bc7 b2 61. Bc2 a4 62. Kd2 a3 63. Bb1 a2 {White resigns} 0-1

[Event "Team 45 45 League T42"]
[Site "Internet Chess Club"]
[Date "2009.08.24"]
[Round "4"]
[White "predkoo"]
[Black "jacknor"]
[Result "1-0"]
[WhiteElo "1684"]
[BlackElo "1603"]
[Opening "Bird's opening"]
[ECO "A03"]
[Time "14:00:17"]
[TimeControl "2700+45"]

1. f4 d5 2. e3 g6 3. Nf3 Bg7 4. d4 Nh6 5. Be2 O-O 6. O-O Nf5 7. Re1 Nd6 8. Nbd2
Nd7 9. b3 Nf6 10. Bb2 Nfe4 11. Nxe4 Nxe4 12. Nd2 Bf5 13. c4 c5 14. cxd5 Nxd2 15.
Qxd2 cxd4 16. Bf3 dxe3 17. Rxe3 Bxb2 18. Qxb2 Qd6 19. g3 Rac8 20. Re2 Rc7 21.
Rae1 Re8 22. Qe5 Qxe5 23. Rxe5 Rd7 24. Rc1 Kf8 25. Re3 h5 26. Rec3 Rd6 27. Rc7
Ra6 28. a4 Rb6 29. R1c3 Rb4 30. Kf2 Bb1 31. Ke3 Ba2 32. R7c4 Rb6 33. Bd1 Rd8 34.
Rd4 Bb1 35. b4 Rbd6 36. Bf3 e6 37. Rc7 Rb6 38. a5 Rb5 39. d6 e5 40. fxe5 Rxe5+
41. Kd2 Re6 42. d7 Ke7 43. Rxb7 a6 44. Rb6 Bf5 45. Rxe6+ Bxe6 46. Be2 Bxd7 47.
Bxa6 Rb8 48. Be2 Bc6 49. a6 Ke6 50. a7 Ra8 51. b5 Bxb5 52. Bxb5 Rxa7 53. Bc4+
Ke5 54. Ke3 Ra3+ 55. Rd3 Ra7 56. h4 Re7 57. Rd5+ Kf6+ 58. Kf4 Kg7 59. Kg5 f6+
60. Kf4 Rc7 61. Bb5 Re7 62. Rd7 Rxd7 63. Bxd7 Kf7 64. Ba4 Ke7 65. Ke4 g5 66.
hxg5 fxg5 67. Kf5 h4 68. g4 h3 69. Bc6 Kf7 70. Kxg5 h2 71. Bd5+ Kg7 72. Bh1 Kf7
73. Kh6 Kg8 74. Kg6 Kh8 75. g5 Kg8 76. Kh6 Kh8 77. g6 Kg8 78. g7 Kf7 79. Kh7
{Black resigns} 1-0

[Event "Team 45 45 League T42"]
[Site "Internet Chess Club"]
[Date "2009.08.23"]
[Round "4"]
[White "Wheels"]
[Black "koni"]
[Result "1-0"]
[WhiteElo "2012"]
[BlackElo "1970"]
[Opening "Philidor: Improved Hanham variation"]
[ECO "B07"]
[Time "09:01:59"]
[TimeControl "2700+45"]

1. e4 d6 2. d4 Nf6 3. Nc3 e5 4. Nf3 Nbd7 5. Bc4 Be7 6. O-O O-O 7. Re1 c6 8. a4
a5 9. h3 exd4 10. Nxd4 Nc5 11. Qf3 Be6 12. Bxe6 fxe6 13. Qe2 Nfd7 14. Bd2 Bf6
15. Be3 d5 16. exd5 exd5 17. Rad1 Qc7 18. Qg4 Rae8 19. b3 Qe5 20. Nce2 Qe4 21.
Qxe4 Nxe4 22. f3 Bg5 23. Bxg5 Nxg5 24. Ng3 g6 25. h4 Rxe1+ 26. Rxe1 Nf7 27. Re7
Nc5 28. Ne6 Nxe6 29. Rxe6 Nd8 30. Re7 Rf7 31. Re8+ Rf8 32. Rxf8+ Kxf8 33. Kf2
Ne6 34. Ne2 Ke7 35. Ke3 Kd6 36. g4 Ke5 37. f4+ Kf6 38. Nd4 Nxd4 39. Kxd4 b6 40.
c4 dxc4 41. bxc4 h5 42. gxh5 gxh5 43. Ke4 b5 44. cxb5 cxb5 45. axb5 a4 46. b6 a3
47. b7 a2 48. b8=Q a1=Q 49. Qe5+ Qxe5+ 50. fxe5+ Ke6 51. Kf4 Ke7 52. Kf5 Kf7 53.
Kg5 Kg7 54. Kxh5 Kh7 55. Kg5 Kg7 56. e6 Kg8 57. Kg6 Kf8 58. Kf6 Ke8 59. e7 Kd7
60. Kf7 {Black resigns} 1-0

[Event "Team 45 45 League T42"]
[Site "Internet Chess Club"]
[Date "2009.08.23"]
[Round "4"]
[White "chipionero"]
[Black "mfeatherston"]
[Result "1-0"]
[WhiteElo "1711"]
[BlackElo "1867"]
[Opening "Bogo-Indian defense, Grünfeld variation"]
[ECO "E11"]
[Time "15:22:38"]
[TimeControl "2700+45"]

1. d4 Nf6 2. Nf3 e6 3. c4 Bb4+ 4. Nbd2 b6 5. a3 Bxd2+ 6. Qxd2 Ne4 7. Qc2 Bb7 8.
g3 O-O 9. Bg2 f5 10. Nd2 d5 11. cxd5 exd5 12. Nxe4 dxe4 13. Qc4+ Bd5 14. Qc3 Nd7
15. Bf4 Rc8 16. Rc1 c5 17. dxc5 Rxc5 18. Qd2 Rxc1+ 19. Qxc1 Nc5 20. O-O Qf6 21.
Rd1 Qe6 22. Qc3 Rc8 23. Qe5 Qxe5 24. Bxe5 Bb3 25. Rc1 Rd8 26. Bc3 Kf7 27. Bb4
Rd1+ 28. Rxd1 Bxd1 29. Bxc5 bxc5 30. Kf1 a5 31. Ke1 Bb3 32. Kd2 Ke6 33. Kc3 a4
34. e3 g5 35. Bf1 Kd5 36. h3 h6 37. Be2 Ba2 38. Bd1 Ke5 39. Bxa4 f4 40. Bb3 fxg3
41. fxg3 Bb1 42. Bc2 Ba2 43. b3 {Black resigns} 1-0

[Event "Team 45 45 League T42"]
[Site "Internet Chess Club"]
[Date "2009.08.24"]
[Round "4"]
[White "Philly-Boy"]
[Black "egd01"]
[Result "1-0"]
[WhiteElo "1909"]
[BlackElo "1517"]
[Opening "QGD"]
[ECO "D52"]
[Time "13:19:10"]
[TimeControl "2700+45"]

1. d4 d5 2. c4 c6 3. Nf3 Nf6 4. Nc3 e6 5. Bg5 Nbd7 6. e3 Qb6 7. Qc2 Be7 8. Bd3
h6 9. Bh4 a6 10. c5 Qc7 11. b4 Nf8 12. O-O Ng6 13. Bxg6 fxg6 14. Qxg6+ Kf8 15.
Ne5 Bd8 16. e4 Qe7 17. Qg3 Qf7 18. Ng6+ Kg8 19. Nxh8 Kxh8 20. Qf3 Qg6 21. e5
{Black resigns} 1-0

[Event "Team 45 45 League T42"]
[Site "Internet Chess Club"]
[Date "2009.08.24"]
[Round "4"]
[White "arriero55"]
[Black "BrerRabbit"]
[Result "1-0"]
[WhiteElo "1459"]
[BlackElo "1564"]
[Opening "Pirc: classical (two knights) system"]
[ECO "B08"]
[Time "15:00:17"]
[TimeControl "2700+45"]

1. e4 d6 2. Nf3 Nf6 3. Nc3 g6 4. d4 Bg7 5. Bg5 h6 6. Bh4 O-O 7. Be2 Nbd7 8. O-O
e5 9. dxe5 dxe5 10. Ne1 c6 11. Kh1 Nc5 12. Qxd8 Rxd8 13. f3 Rd6 14. b4 Ne6 15.
Nd3 Nh5 16. Bf2 Nd4 17. Bxd4 Rxd4 18. a3 b6 19. g3 Be6 20. Rfd1 Rad8 21. Nb2 Kf8
22. Rxd4 exd4 23. Ncd1 b5 24. Nf2 Ke7 25. Rd1 Rd6 26. Nbd3 Nf6 27. e5 Rd8 28.
exf6+ Bxf6 29. Re1 Kd6 30. Nc5 Re8 31. Nfe4+ Ke7 32. Nxf6 Kxf6 33. Ne4+ Ke7 34.
Kg1 Ra8 35. Rd1 a5 36. Rxd4 axb4 37. axb4 Ra2 38. Bd3 Bd5 39. Kf2 Bb3 40. Ke2
Bxc2 41. Bxc2 Rxc2+ 42. Nd2 Rb2 43. Kd3 Ra2 44. Ke2 Rb2 45. Kd1 Ra2 46. Kc1 Ra1+
47. Nb1 f5 48. Kb2 Ra4 49. Nc3 Ra8 50. Rd1 Rf8 51. Ne2 Rf6 52. Kc3 Ke8 53. Rd2
Re6 54. Nf4 Rf6 55. Re2+ Kd7 56. Nd3 Kd6 57. Re8 Kd7 58. Re5 Rd6 59. Nc5+ Kc8
60. Re8+ Kc7 61. Re7+ Kd8 62. Re1 Kc7 63. Nd3 Kd8 64. Re5 Kc7 65. h4 h5 66. Re7+
Kd8 67. Re1 Kc7 68. f4 Kd8 69. Re2 Kc7 70. Rd2 Re6 71. Ne5 Rf6 72. Rd7+ Kc8 73.
Kd4 Re6 74. Kc5 Rxe5+ 75. fxe5 Kxd7 76. Kb6 Ke6 77. Kxc6 Kxe5 78. Kxb5 Ke4 79.
Kc5 Kf3 80. b5 Kxg3 81. b6 f4 82. b7 f3 83. b8=Q+ Kg2 84. Qb7 Kg3 85. Kd4 f2 86.
Qh1 {Black resigns} 1-0

[Event "Team 45 45 League T42"]
[Site "Internet Chess Club"]
[Date "2009.08.19"]
[Round "4"]
[White "SneakyRed"]
[Black "chsrules88"]
[Result "0-1"]
[WhiteElo "1885"]
[BlackElo "2054"]
[Opening "Giuoco Piano"]
[ECO "C54"]
[Time "14:31:15"]
[TimeControl "2700+45"]

1. e4 e5 2. Nf3 Nc6 3. Bc4 Bc5 4. c3 Nf6 5. d3 d6 6. Nbd2 Be6 7. Bb5 Bb6 8. Nc4
Bxc4 9. Bxc4 h6 10. O-O O-O 11. Re1 Re8 12. Nh4 Nxe4 13. Bxf7+ Kxf7 14. Rxe4 Qf6
15. Qb3+ Kf8 16. Be3 g5 17. Bxb6 axb6 18. Re3 g4 19. g3 Kg7 20. Rae1 Rf8 21.
R1e2 Rf7 22. Qc4 h5 23. a3 Raf8 24. Qe4 Nd8 25. f3 Ne6 26. Qxb7 Ng5 27. d4 exd4
28. Re8 gxf3 29. Rxf8 fxe2 30. Rxf7+ Qxf7 31. Nf5+ Qxf5 32. Qxc7+ Nf7 {White
resigns} 0-1

[Event "Team 45 45 League T42"]
[Site "Internet Chess Club"]
[Date "2009.08.25"]
[Round "4"]
[White "cognito"]
[Black "Giacometti"]
[Result "1-0"]
[WhiteElo "1812"]
[BlackElo "1758"]
[Opening "Caro-Kann: classical variation"]
[ECO "B18"]
[Time "17:30:21"]
[TimeControl "2700+45"]

1. e4 c6 2. d4 d5 3. Nc3 dxe4 4. Nxe4 Bf5 5. Ng3 Bg6 6. N1e2 Nf6 7. Nf4 e5 8.
dxe5 Qa5+ 9. c3 Qxe5+ 10. Be2 Nbd7 11. O-O O-O-O 12. Qa4 Qb8 13. Be3 Nb6 14. Qb3
Nbd5 15. Nxd5 Nxd5 16. Bg4+ Kc7 17. Bd4 h5 18. Bf3 f5 19. Ne2 Bf7 20. c4 Nb6 21.
Rac1 Rg8 22. Rfd1 Be7 23. Qd3 Bf6 24. Qxf5 Bxd4 25. Qxf7+ {Black resigns} 1-0

[Event "Team 45 45 League T42"]
[Site "Internet Chess Club"]
[Date "2009.08.21"]
[Round "4"]
[White "Duguesclin"]
[Black "RingLord"]
[Result "0-1"]
[WhiteElo "1732"]
[BlackElo "1714"]
[Opening "Queen's pawn game"]
[ECO "E00"]
[Time "16:06:26"]
[TimeControl "2700+45"]

1. d4 Nf6 2. c4 e6 3. a3 c5 4. d5 exd5 5. cxd5 g6 6. Nc3 Qe7 7. Bf4 d6 8. Qb3 a6
9. Rd1 Nh5 10. Bc1 Bg7 11. Nf3 O-O 12. g3 Re8 13. Bg2 Bxc3+ 14. Kf1 Qxe2+ 15.
Kg1 Bg4 16. Rf1 Ba5 17. Qxb7 Nd7 18. Ng5 Rab8 19. Qc6 Rb6 20. Qa4 Bd2 21. Bxd2
Qxd2 22. Qxg4 Ndf6 23. Qf3 Qxg5 24. Qc3 Nxd5 25. Qd3 Ndf4 26. gxf4 Nxf4 27. Qg3
Ne2# {White checkmated} 0-1

[Event "Team 45 45 League T42"]
[Site "Internet Chess Club"]
[Date "2009.08.23"]
[Round "4"]
[White "Bookkeeper"]
[Black "bondguy01"]
[Result "1/2-1/2"]
[WhiteElo "1688"]
[BlackElo "1688"]
[Opening "French defense"]
[ECO "C00"]
[Time "11:00:55"]
[TimeControl "2700+45"]

1. e4 e6 2. Nf3 d5 3. exd5 exd5 4. d4 Nc6 5. Nc3 Bb4 6. Bd3 Nge7 7. O-O Bg4 8.
h3 Bh5 9. a3 Bd6 10. Be3 a6 11. Be2 O-O 12. Re1 Qd7 13. Qd3 Bg6 14. Qd2 Rae8 15.
Nh4 Qe6 16. Rad1 f5 17. Bf4 Bxf4 18. Qxf4 Qd7 19. Bf3 Bf7 20. Qd2 Ng6 21. Nxg6
hxg6 22. Rxe8 Rxe8 23. Ne2 Nd8 24. Nf4 g5 25. Nd3 g4 26. hxg4 fxg4 27. Be2 c6
28. Ne5 Rxe5 29. dxe5 Qf5 30. Re1 Ne6 31. Bd3 Qf4 32. Qxf4 Nxf4 33. Bf5 Be6 34.
Bxe6+ Nxe6 35. c3 Kf7 36. g3 Ng5 37. Kg2 Nf3 38. e6+ Ke7 39. Re3 Ng5 40. Re5 Nf3
41. Re3 Ng5 42. Re5 Nf3 {Game drawn by mutual agreement} 1/2-1/2